[Event "FIDE WYCC Girls U14 2023"]
[Site "Montesilvano"]
[Date "2023.11.24"]
[Round "11.35"]
[White "Caku, Kler"]
[Black "Hong, Jueun"]
[Result "1-0"]
[ECO "B51"]
[WhiteElo "1740"]
[BlackElo "1299"]
[Annotator "NA RC"]
[PlyCount "101"]
[EventDate "2023.11.13"]
[EventType "swiss"]
[EventCountry "ITA"]
[SourceTitle "playchess.com"]
[Source "ChessBase"]
[SourceQuality "1"]
[TimeControl "40/5400+30:1800+30"]

1. e4 c5 2. Nf3 d6 3. Bb5+ Nd7 4. O-O a6 5. Bxd7+ Bxd7 6. d3 g6 7. c3 Nf6 8. Re1 Bc6 9. Nbd2 Bg7 10. d4 cxd4 11. Nxd4 O-O 12. Nxc6 bxc6 13. Qc2 Qb6 14. Nb3 Rab8 15. Be3 Qb5 16. c4 Qb4 17. Bd2 Qb7 18. Bc3 Nd7 19. Bxg7 Kxg7 20. Re2 Rfc8 21. Rd1 Qb4 22. f4 Rb7 23. e5 dxe5 24. fxe5 Nf8 25. Rf2 Ne6 26. Nc1 Qa5 27. b3 Qxe5 28. Nd3 Qh5 29. Rdf1 Rf8 30. Qc3+ Kg8 31. Ne5 Nd8 32. c5 Qg5 33. b4 Qh4 34. Rf4 Qh5 35. Qe3 Ra7 36. a4 Rb7 37. Qe4 Qh6 38. Nxc6 Nxc6 39. Qxc6 Ra7 40. Qb6 Raa8 41. Qb7 Qg5 42. Rxf7 Qe3+ 43. Kh1 Rab8 44. Rxf8+ Rxf8 45. Rxf8+ Kxf8 46. Qf3+ Qxf3 47. gxf3 Ke8 48. b5 axb5 49. axb5 Kd8 50. b6 Kc8 51. c6 1-0